 Dungeon Crawl Stone Soup version 0.30.1-4-g462c640d31 (webtiles) character file.

Game seed: 15377477173948021111

302 Anriel the Conjurer (level 5, 0/38 HPs)
             Began as a Demigod Conjurer on Aug 28, 2023.
             Slain by an iguana (13 damage)
             ... on level 4 of the Dungeon.
             The game lasted 00:16:38 (3202 turns).

Anriel the Conjurer (Demigod Conjurer)              Turns: 3202, Time: 00:16:41

Health: 0/38       AC:  2    Str:  8    XL:     5   Next: 90%
Magic:  10/12      EV: 12    Int: 24    God:
Gold:   89         SH:  0    Dex: 12    Spells: 3/10 levels left

rFire   . . .        p - +3 short sword
rCold   . . .        (no shield)
rNeg    . . .        a - +0 robe
rPois   .            (no helmet)
rElec   .            h - scarf {repulsion}
rCorr   .            (no gloves)
SInv    +            (no boots)
Will    .....        i - amulet of magic regeneration
Stlth   ++           o - ring of see invisible
HPRegen 0.26/turn    (no ring)
MPRegen 0.53/turn

%: repel missiles
@: no status effects
A: high MP 1, forlorn, divine attributes
a: no special abilities


You were on level 4 of the Dungeon.
You visited 1 branch of the dungeon, and saw 4 of its levels.

You collected 209 gold pieces.
You spent 120 gold pieces at shops.

Inventory:

Hand Weapons
 m - a +0 quarterstaff
 p - a +3 short sword (weapon)
Armour
 a - a +0 robe (worn)
 h - a scarf of repulsion (worn)
Jewellery
 i - an amulet of magic regeneration (around neck)
 o - a ring of see invisible (left hand)
Scrolls
 g - a scroll of fog
 j - 2 scrolls of silence
 n - a scroll of fear {unknown}
Potions
 b - a potion of magic
 c - a potion of brilliance
 f - a potion of might {unknown}
 k - 2 potions of resistance
 l - 2 potions of haste {unknown}


   Skills:
 + Level 1.3 Armour
 + Level 3.2 Dodging
 - Level 3.0 Stealth
 - Level 3.1 Spellcasting
 - Level 3.6 Conjurations
 * Level 2.5 Translocations


You had 3 spell levels left.
You knew the following spells:

 Your Spells              Type           Power      Damage    Failure   Level
a - Magic Dart            Conj           84%        1d7       2%          1
b - Searing Ray           Conj           42%        2d6       3%          2
c - Iskenderun's Mystic   Conj/Tloc      18%        2d6       30%         4

Your spell library contained the following spells:

 Spells                   Type           Power      Damage    Failure   Level
 Dazzling Flash           Conj/Hex       24%        N/A       16%         3
 Fulminant Prism          Conj/Hex       6%         3d7       45%         4


Dungeon Overview and Level Annotations

Branches:
Dungeon (4/15)             Temple (0/1) D:4

Shops:
D:4 *


Innate Abilities, Weirdness & Mutations

You have an increased reservoir of magic. (+10% MP)
You shall have no god before yourself.
Your divine heritage dramatically boosts your attributes as you level up.


Message History

Confirm with . or Enter, or press ? or * to list all spells.
Aiming: Magic Dart (safe; 2% risk of failure)
Press: ? - help, Shift-Dir - straight line, f/p - iguana
Aim: an iguana (100% to hit)
The magic dart hits the iguana.
The iguana is lightly wounded.
Casting: Magic Dart (safe; 2% risk of failure)
Confirm with . or Enter, or press ? or * to list all spells.
Aiming: Searing Ray (safe; 3% risk of failure)
Press: ? - help, Shift-Dir - straight line, f/p - iguana
Aim: an iguana (lightly wounded, 81% to hit)
The searing ray hits the iguana.
The iguana is lightly wounded. (Press . to maintain the ray.)
The searing ray hits the iguana.
The iguana is lightly wounded.
The searing ray hits the iguana but does no damage.
The iguana is lightly wounded.
The iguana misses you.
The searing ray hits the iguana.
The iguana is heavily wounded.
You finish channelling your searing ray.
The iguana closely misses you.
You puncture the iguana!
The iguana is almost dead.
The iguana bites you!
You hit the iguana.
The iguana is almost dead.
The iguana bites you!
* * * LOW HITPOINT WARNING * * *
You feel better. The iguana closely misses you.
Casting: Searing Ray (safe; 3% risk of failure)
Confirm with . or Enter, or press ? or * to list all spells.
Aiming: Magic Dart (safe; 2% risk of failure)
Press: ? - help, Shift-Dir - straight line, f/p - iguana
Aim: an iguana (almost dead, 100% to hit)
The magic dart hits the iguana but does no damage.
The iguana is almost dead.
The iguana bites you!
You die...

.##.......##....#....#########
#<......##....#.............
##
###.......##...###############
............)##...##
......#.....)).....# #
......#.....<##....# #
#...#.#.#.(..##....# #
#....###......#....# #
..#...#...#...#.@..# #
#.....#....#l...# #
##.>.#####......# #
#...†.#....###+##
#...#...#..####.##..
.....###.......?.!.... ####
#...# #.#............. #...
#... #...#....l...... #.<.
#... #...#........... #...


You could see an iguana.

Vanquished Creatures
  A scorpion (D:4)
  Jessica (D:2)
  An iguana (D:4)
  4 gnolls (D:2)
  5 adders
  A shadow imp (D:4)
  A worm (D:3)
  8 dart slugs
  4 orcs
  8 ball pythons
  A bat (D:2)
  4 endoplasms
  2 giant cockroaches
  8 goblins
  4 hobgoblins
  4 jackals (D:1)
  7 kobolds
  3 quokkas
  4 frilled lizards (D:1)
  9 rats
80 creatures vanquished.

Notes
Turn   | Place    | Note
-------+----------+-------------------------------------------
     0 | D:1      | Anriel the Demigod Conjurer began the quest for the Orb.
     0 | D:1      | Reached XP level 1. HP: 14/14 MP: 5/5
   232 | D:1      | Reached XP level 2. HP: 18/20 MP: 0/7
   301 | D:1      | Learned a level 2 spell: Searing Ray
   802 | D:1      | Reached XP level 3. HP: 26/26 MP: 7/9
  1239 | D:2      | Reached XP level 4. HP: 18/33 MP: 2/11
  1692 | D:2      | Learned a level 4 spell: Iskenderun's Mystic Blast
  1916 | D:2      | Noticed Jessica
  1918 | D:2      | Killed Jessica
  1919 | D:2      | Reached skill level 1 in Translocations
  2487 | D:3      | Reached XP level 5. HP: 38/38 MP: 9/12
  2819 | D:4      | Reached skill level 1 in Armour
  2979 | D:4      | Found Fota's Assorted Antiques.
  3008 | D:4      | Bought a glass ring for 120 gold pieces
  3132 | D:4      | Found a staircase to the Ecumenical Temple.
  3202 | D:4      | Slain by an iguana

Illustrated notes

Levels and vault maps discovered:
D:1:      dpeg_arrival_tiny_a, layout_loops_ring
D:2:      layout_loops_cross, kennysheep_generic_room_6, uniq_jessica
D:3:      layout_basic, mainiacjoe_overflow_24_doors,
          mainiacjoe_overflow_alcove_2
D:4:      layout_gridville, nicolae_tso_swordbearing_angel,
          minmay_temple_entry_arrows, serial_shops, shop, serial_bayou_lagoon_b

Skill      XL: |  1  2  3  4  5 |
---------------+----------------+-----
Spellcasting   | 2 3 |  3.1
Stealth        | 2 3 |  3.0
Dodging        | 2 3 |  3.2
Translocations | 1 2 |  2.5
Armour         | 1 |  1.3
Conjurations   | |  3.6

Action                     |  1- 3 |  4- 6 || total
---------------------------+-------+-------++-------
  Melee: Dagger            |    14 |     9 ||    23
         Punch             |     1 |     1 ||     2
         Short sword       |       |    10 ||    10
   Cast: Magic Dart        |    66 |    70 ||   136
         Searing Ray       |     3 |     8 ||    11
    Use: Scroll            |     2 |     4 ||     6
         Potion            |       |     1 ||     1
   Stab: Sleeping          |       |     2 ||     2
 Armour: Robe              |       |     3 ||     3
  Dodge: Dodged            |    26 |    19 ||    45
